 Dungeon Crawl Stone Soup version 0.27.1-34-g3ba077fa99 (webtiles) character file.

Game seed: 16460968200125966159

29 cbfl8 the Sneak (level 3, -2/33 HPs)
             Began as a Minotaur Delver on Jan 16, 2022.
             Slain by an iguana (13 damage)
             ... on level 5 of the Dungeon.
             The game lasted 00:00:29 (216 turns).

cbfl8 the Sneak (Minotaur Delver)                    Turns: 216, Time: 00:00:29

Health: -2/33      AC:  3    Str: 16    XL:     3   Next: 1%
Magic:  2/2        EV: 12    Int:  8    God:
Gold:   9          SH:  0    Dex: 11    Spells: 2/2 levels left

rFire    + . .     SeeInvis .   a - +0 hand axe
rCold    x . .     Faith    .   (no shield)
rNeg     . . .     Spirit   .   b - +0 leather armour
rPois    .         Reflect  .   (helmet restricted)
rElec    .         Harm     .   (no cloak)
rCorr    .         Rampage  .   (no gloves)
Will     .....                  (no boots)
Stlth    ++........             (no amulet)
HPRegen  0.11/turn              h - ring of fire
MPRegen  0.08/turn              (no ring)

@: studying Ice Magic
A: horns 2, retaliatory headbutt
a: no special abilities


You were on level 5 of the Dungeon.
You visited 1 branch of the dungeon, and saw 1 of its levels.

You collected 9 gold pieces.

Inventory:

Hand Weapons
 a - a +0 hand axe (weapon)
Missiles
 i - 14 bolts
Armour
 b - a +0 leather armour (worn)
Jewellery
 h - a ring of fire (left hand)
Wands
 g - a wand of digging (3)
Scrolls
 c - a scroll of fog
 d - a scroll of magic mapping
 e - a scroll of fear
Potions
 f - a potion of haste


   Skills:
 + Level 3.9 Fighting
 + Level 2.5 Axes
 + Level 2.3 Dodging
 + Level 4.7 Stealth


You had 2 spell levels left.
You didn't know any spells.
Your spell library was empty.

Dungeon Overview and Level Annotations

Branches:
Dungeon (5/15)
 Temple: D:4-7

Altars:

Annotations:
D:5 3 runed translucent doors, zeram's ghost, novice GrFi


Innate Abilities, Weirdness & Mutations

You have a pair of horns on your head.
You reflexively headbutt those who attack you in melee.


Message History

The hound is lightly wounded.
The hound bites you but does no damage. The hound barely misses you.
You barely miss the hound.
The hound is lightly wounded.
The hound closely misses you. The hound bites you but does no damage.
You barely miss the hound.
The hound is lightly wounded.
The hound bites you. x2
You barely miss the hound.
The hound is lightly wounded.
The hound bites you but does no damage. The hound barely misses you.
You furiously retaliate!
You headbutt the hound! You hit the hound.
You kill the hound!
You have reached level 2!
You have reached level 3!
Your experience leads to an increase in your attributes!
Increase (S)trength, (I)ntelligence, or (D)exterity?
You feel clever.
You start resting.
You start resting.
HP restored.
You see here a hound corpse.
You open the door.
There is an open door here.
An iguana comes into view.
The iguana hisses angrily.
The iguana bites you!
You hit the iguana.
The iguana is moderately wounded.
The iguana closely misses you.
You closely miss the iguana.
You headbutt the iguana, but do no damage.
The iguana is moderately wounded.
The iguana hisses menacingly.
The iguana bites you!
You hit the iguana.
The iguana is heavily wounded.
The iguana bites you!
You die...

#.# #.# #.# #.# #.#
#.# #l# #@# #.# #.#
#.# .# #.# .# #.#
#.# #.# ..#
##'##########..#
#..............####


You could see an iguana.

Vanquished Creatures
  A hound (D:5)
1 creature vanquished.

Notes
Turn   | Place    | Note
-------+----------+-------------------------------------------
     0 | D:5      | cbfl8 the Minotaur Delver began the quest for the Orb.
     0 | D:5      | Reached XP level 1. HP: 19/19 MP: 0/0
     2 | D:5      | Found a runed translucent gate.
     2 | D:5      | Found a runed translucent gate.
     2 | D:5      | Found a runed translucent gate.
    18 | D:5      | Noticed zeram's ghost (novice GrFi)
    34 | D:5      | Noticed a hound
    52 | D:5      | Killed a hound
    53 | D:5      | Reached XP level 2. HP: 14/27 MP: 1/1
    53 | D:5      | Reached XP level 3. HP: 17/33 MP: 2/2
   216 | D:5      | Slain by an iguana

Illustrated notes

Levels and vault maps discovered:
D:5:      layout_basic, general_overflow_altar, minmay_temple_entry_nine_rooms,
          gammafunk_ghost_necromancy, uniq_menkaure, uniq_ijyb

Action                   || total
-------------------------++-------
Melee: Hand axe          ||     8
       Headbutt          ||     2
 Stab: Sleeping          ||     1
Armor: Leather armour    ||     3
Dodge: Dodged            ||     4
